Map: Prion Terraces

Players

LilDicky

  • Race: Terran Terran
  • League: Diamond

DropKick - Winner!

  • Race: Protoss Protoss
  • League: Diamond

VOD

http://www.twitch.tv/tumescentpie

Description

Time

  • Played on: Nov. 26, 2015, 2:16 p.m.
  • Length: 6:55
Show
View Real Time Build Order
Export as new Build Order

LilDicky Terran 

Build Orders: MMM Bio 

Get SALT Encoding   

  12  0:01  SCV  
  13  0:14  SCV  
  13  0:18  Supply Depot  
  14  0:24  Refinery  
  14  0:27  SCV  
  15  0:40  SCV  
  16  0:51  Barracks  
  16  0:52  SCV  
  17  1:04  SCV  
  18  1:16  SCV  
  19  1:28  SCV  
  20  1:38  Supply Depot  
  20  1:40  Marine  
  20  1:45  Factory  
  20  1:46  Orbital Command  
  21  1:58  Marine  
  22  2:05  Barracks  
  22  2:09  Barracks  
  22  2:16  Barracks Reactor  
  22  2:17  SCV  
  23  2:27  Supply Depot  
  23  2:31  Refinery  
  23  2:36  SCV  
  24  2:47  Widow Mine  
  24  2:49  SCV  
  27  2:58  Barracks Tech Lab  
  27  2:59  Barracks Tech Lab  
  27  3:01  Supply Depot  
  27  3:03  Marine  
  27  3:04  Marine  
  29  3:06  SCV  
  30  3:15  Widow Mine  
  30  3:18  SCV  
  32  3:30  Stimpack, Marine x2  
  32  3:31  Combat Shields  
  32  3:32  Marine x2  
  36  3:36  SCV  
  37  3:42  Supply Depot  
  35  4:00  Marauder x2, Marine x2  
  41  4:08  SCV  
  41  4:09  Starport  
  42  4:15  Supply Depot  
  42  4:19  Widow Mine  
  44  4:34  Marauder x2, Marine x2  
  48  4:45  Medivac  
  50  4:49  SCV  
  50  4:50  Concussive Shells  
  50  4:52  Supply Depot  
  51  5:04  Marauder x2, Marine x2  
  55  5:07  Supply Depot  
  57  5:16  Medivac  
  57  5:22  Marine  
  51  5:46  Widow Mine  
  53  5:53  Marine x2  
  53  5:54  Marauder x2  
  53  5:55  SCV  
  60  6:07  SCV  
  60  6:08  Supply Depot  
  60  6:11  Marine x2  
  61  6:15  Marauder  
  61  6:16  Marauder  
  67  6:20  SCV  
Show
View Real Time Build Order
Export as new Build Order

DropKick Protoss - Winner!

Build Orders:  

Get SALT Encoding   

  12  0:01  Probe (Chrono Boost)  
  13  0:11  Probe (Chrono Boost)  
  14  0:18  Pylon  
  14  0:22  Probe (Chrono Boost)  
  15  0:37  Probe (Chrono Boost)  
  15  0:41  Gateway  
  16  0:43  Assimilator  
  16  0:47  Probe (Chrono Boost)  
  17  0:57  Pylon  
  17  1:00  Probe (Chrono Boost)  
  18  1:11  Probe (Chrono Boost)  
  19  1:21  Probe (Chrono Boost)  
  19  1:23  Assimilator  
  20  1:30  Cybernetics Core  
  20  1:32  Probe (Chrono Boost)  
  21  1:42  Probe (Chrono Boost)  
  22  1:48  Zealot  
  22  1:53  Probe (Chrono Boost)  
  25  1:59  Pylon  
  25  2:04  Probe (Chrono Boost)  
  25  2:06  Warp Gate  
  25  2:14  Probe (Chrono Boost)  
  25  2:15  Stalker  
  28  2:25  Probe (Chrono Boost)  
  29  2:31  Nexus  
  29  2:39  Pylon  
  29  2:43  Probe (Chrono Boost)  
  30  2:45  Sentry  
  32  2:58  Probe (Chrono Boost)  
  33  3:03  Gateway  
  33  3:04  Gateway  
  33  3:12  Sentry, Probe (Chrono Boost)  
  36  3:23  Probe (Chrono Boost)  
  36  3:26  Robotics Facility  
  30  3:36  Probe (Chrono Boost)  
  31  3:47  Probe (Chrono Boost)  
  32  3:58  Probe x2 (Chrono Boost)  
  33  4:07  Assimilator  
  33  4:08  Probe (Chrono Boost)  
  33  4:09  Probe (Chrono Boost)  
  35  4:14  Observer (Chrono Boost)  
  36  4:17  Probe  
  36  4:18  Sentry x2  
  36  4:20  Probe  
  42  4:28  Probe  
  42  4:32  Probe  
  42  4:33  Observer (Chrono Boost)  
  44  4:45  Probe (Chrono Boost)  
  45  4:47  Zealot x2  
  49  4:56  Probe (Chrono Boost)  
  50  5:06  Probe (Chrono Boost)  
  51  5:10  Stalker x2  
  51  5:11  Stalker  
  57  5:17  Probe (Chrono Boost)  
  58  5:24  Immortal  
  62  5:33  Pylon  
  62  5:47  Pylon  
  62  5:49  Pylon  
  62  6:05  Immortal, Probe (Chrono Boost)  
  67  6:13  Zealot x2  
  67  6:14  Stalker  
  67  6:15  Probe x2 (Chrono Boost)  
  75  6:26  Probe x2 (Chrono Boost)  
  77  6:36  Probe (Chrono Boost)  
  78  6:47  Pylon  
Tags
 
Add a new tag
Caveats
  • Supply blocks, unpowered buildings, or Contaminate may cause inaccurate times.
  • Supply counts are checked every 10 seconds.